AoeStats
← atadanyildiz

Arabia

507806647Analyzed
3v3 RM · 12d ago on Sep 19, 2026· 50m 38s· 6 players
Game mode
Random Map
Map size
Normal (6 player)
Population
200
Speed
Normal
Resources
Standard
Victory
Conquest
Starting age
Dark Age
Ending age
Imperial Age
RankedLock teamsTeams togetherTeam positionsShared explorationLock speedFull tech treeHidden civsTurbo modeCheats
Victory
Defeat
🇹🇷 Maya · Türkiye
754
+11
🇹🇷 Britons · Türkiye
728
+12
🇹🇷 Spanish · Türkiye
723
+13
🇹🇷 Turks · Türkiye
702
-14
🇩🇪 Teutons · Germany
658
-12
🇫🇷 Khmer · France
585
-10
Sg1Sga
0:32 Loom
11:25 Feudal Age
13:34 Wheelbarrow
21:08 Castle Age
19:38 Double-Bit Axe
19:36 Horse Collar
22:25 Padded Archer Armor
22:15 Fletching
24:42 Bow Saw
24:12 Man-at-Arms
24:39 Gambesons
24:54 Squires
28:21 Hand Cart
30:17 Elite Skirmisher
30:20 Long Swordsman
31:20 Leather Archer Armor
31:06 Scale Mail Armor
31:16 Forging
32:21 Arson
32:55 Pikeman
38:03 Town Watch
40:56 Gold Mining
40:57 Stone Mining
46:46 Imperial Age
45:35 Bodkin Arrow
atadanyildiz
4:37 Loom
11:25 Feudal Age
13:55 Wheelbarrow
19:10 Castle Age
17:52 Horse Collar
18:03 Double-Bit Axe
25:12 Heavy Plow
25:24 Bow Saw
27:08 Hand Cart
33:02 Imperial Age
32:01 Fletching
32:11 Padded Archer Armor
34:00 Heated Shot
34:30 Ballistics
34:32 Bombard Tower
33:55 Treadmill Crane
34:32 Caravan
35:03 Coinage
35:49 Elite Janissary
37:38 Conscription
36:50 Sappers
39:15 Two-Man Saw
38:08 Gold Mining
38:39 Leather Archer Armor
38:51 Artillery
39:34 Guilds
39:55 Banking
39:59 Stone Mining
40:45 Gold Shaft Mining
40:19 Town Watch
43:15 Bodkin Arrow
43:50 Ring Archer Armor
44:56 Bracer
j55/tyl777
16:23 Feudal Age
18:30 Forging
18:26 Scale Barding Armor
19:37 Bloodlines
20:22 Wheelbarrow
keskek
9:07 Loom
11:10 Feudal Age
16:29 Castle Age
16:37 Eagle Warrior
18:30 Squires
22:50 Scale Mail Armor
23:01 Forging
24:01 Arson
25:49 Pikeman
30:57 Chain Mail Armor
35:53 Double-Bit Axe
35:52 Horse Collar
36:05 Gold Mining
36:06 Stone Mining
40:59 Imperial Age
43:48 Elite Eagle Warrior
45:31 Plate Mail Armor
45:36 Iron Casting
47:53 Conscription
49:08 Holcans
A3NC
3:20 Loom
10:41 Feudal Age
18:56 Castle Age
17:21 Double-Bit Axe
17:18 Horse Collar
18:00 Stone Mining
18:27 Gold Mining
18:57 Padded Archer Armor
19:15 Fletching
25:37 Wheelbarrow
25:25 Bodkin Arrow
27:25 Leather Archer Armor
34:10 Imperial Age
32:00 Hand Cart
35:46 Caravan
35:17 Elite Conquistador
36:37 Stone Shaft Mining
36:23 Heavy Plow
37:44 Bow Saw
39:53 Ring Archer Armor
39:24 Bracer
Mevt
4:14 Loom
10:10 Feudal Age
12:47 Double-Bit Axe
12:45 Horse Collar
21:45 Castle Age
20:35 Gold Mining
20:39 Stone Mining
21:32 Padded Archer Armor
21:23 Fletching
23:25 Wheelbarrow
25:43 Town Watch
26:14 Hand Cart
26:10 Heavy Plow
26:24 Bow Saw
26:37 Leather Archer Armor
26:17 Bodkin Arrow
26:39 Squires
27:45 Crossbowman
28:59 Ballistics
29:23 Gold Shaft Mining
29:48 Caravan
33:55 Light Cavalry
36:07 Scale Barding Armor
36:12 Forging
36:28 Yeomen
36:42 Murder Holes
37:12 Masonry
40:09 Imperial Age
37:52 Town Patrol
40:21 Elite Longbowman
40:40 Onager
41:15 Arbalester
42:53 Iron Casting
43:10 Arrowslits
44:27 Chemistry
43:00 Pikeman
43:26 Arson
44:17 Ring Archer Armor
43:47 Bracer
47:26 Halberdier
47:31 Capped Ram
Connection lost

Rejoining the realm…

Still unreachable

The connection could not be restored.

Session expired

The server has moved on; the page needs a fresh start.